 Dungeon Crawl Stone Soup version 0.27.1-34-g3ba077fa99 (webtiles) character file.

Game seed: 9169220385036739116

155 styxcanada the Covert (level 5, 0/26 HPs)
             Began as a Spriggan Brigand on Jan 26, 2022.
             Succumbed to an adder's poison
             ... on level 3 of the Dungeon.
             The game lasted 00:09:00 (3244 turns).

styxcanada the Covert (Spriggan Brigand)            Turns: 3244, Time: 00:09:00

Health: 0/26       AC:  4    Str:  7    XL:     5   Next: 14%
Magic:  6/6        EV: 17    Int: 12    God:
Gold:   134        SH:  0    Dex: 18    Spells: 4/4 levels left

rFire    . . .     SeeInvis +   a - +3 dagger
rCold    . . .     Faith    .   (shield restricted)
rNeg     . . .     Spirit   .   b - +0 robe
rPois    .         Reflect  .   k - +1 hat
rElec    .         Harm     .   c - +0 cloak
rCorr    .         Rampage  .   (gloves unavailable)
Will     .....                  (boots unavailable)
Stlth    ++++......             (no amulet)
HPRegen  0.08/turn              (no ring)
MPRegen  0.10/turn              (no ring)

@: lethally poisoned (0 -> -2), about to teleport, very quick
A: very small, no large weapons, unfitting armour, see invisible, speed 3
a: no special abilities


You were on level 3 of the Dungeon.
You visited 1 branch of the dungeon, and saw 3 of its levels.

You collected 134 gold pieces.

Inventory:

Hand Weapons
 a - a +3 dagger (weapon)
 l - a +0 hunting sling
 m - a +3 quarterstaff of chaos
Missiles
 d - 29 poisoned darts (quivered)
 e - 2 curare-tipped darts
 i - 103 stones
Armour
 b - a +0 robe (worn)
 c - a +0 cloak (worn)
 k - a +1 hat (worn)
Wands
 h - a wand of flame (20)
Scrolls
 f - a scroll of teleportation
 g - 2 scrolls of identify
Potions
 n - a potion of flight


   Skills:
 * Level 2.1 Fighting
 + Level 2.9 Short Blades
 + Level 2.1 Throwing
 * Level 2.4 Dodging
 * Level 8.5 Stealth
 * Level 0.2 Evocations


You had 4 spell levels left.
You didn't know any spells.
Your spell library was empty.

Dungeon Overview and Level Annotations

Branches:
Dungeon (3/15)

Altars:

Annotations:
D:3 Grinder, Robin


Innate Abilities, Weirdness & Mutations

You are very small and have problems with some larger weapons.
You are too small for most types of armour.
You have supernaturally acute eyesight. (SInv)
You cover ground extremely quickly. (Speed+++)


Message History

The adder closely misses you. x2
You climb upwards.
There is a stone staircase leading down here.
You barely miss the adder. The adder barely misses you.
You hit the adder.
The adder is moderately wounded.
The adder barely misses you.
You hit the adder.
The adder is severely wounded.
The adder bites you.
You hit the adder but do no damage.
The adder is severely wounded.
The adder misses you.
You barely miss the adder.
The adder is severely wounded.
The adder closely misses you. The adder bites you.
You are poisoned.
The adder poisons you!
You hit the adder but do no damage.
The adder is severely wounded.
* * * LOW HITPOINT WARNING * * *
You feel sick. The adder bites you.
* * * LOW HITPOINT WARNING * * *
You hit the adder.
You kill the adder!
* * * LOW HITPOINT WARNING * * *
You feel sick.
There is a lethal amount of poison in your body!
Okay, then.
Okay, then.
* * * LOW HITPOINT WARNING * * *
You feel sick.
You climb downwards.
Level annotation: Grinder, Robin
* * * LOW HITPOINT WARNING * * *
You feel sick. The adder closely misses you. The adder barely misses you.
There is a stone staircase leading up here.
As you read the scroll of teleportation, it crumbles to dust.
You feel strangely unstable.
You die...

***,,.............#
#........,,,
*,,,,.............#
#......#**,#
,,*,,###.##......## #.S...#*
*,# *,,,,* #.##.†....#
#..#.## *,#
*#.#.###.##.##.#######..#**
#,# #.....<.......#...SS.§.#
#.#
#####†##[######.#####.####
*,. #.*#.# #S# #....# ***
#.*#.# #@# ####.#######
#.*#.# #.# #..........
#.*#.# #)# #.########.
#.*#.# #.# #.# #. #.*#.# #.#
#.# #. *,**,* #.# #.# #.
*,**,*****#.#****#.#******#.
*,**,*,,,,[..,,,,...,,,,,*#.
*,**,,,,,*#.#****#.#****,*#.


You could see an adder.

Vanquished Creatures
  Crazy Yiuf (D:2)
  Jessica (D:3)
  3 adders
  2 dart slugs
  An orc (D:3)
  5 endoplasms
  3 giant cockroaches (D:1)
  6 hobgoblins
  4 jackals (D:2)
  11 ball pythons
  3 bats
  3 frilled lizards (D:1)
  7 goblins
  10 kobolds
  10 rats
70 creatures vanquished.

Notes
Turn   | Place    | Note
-------+----------+-------------------------------------------
     0 | D:1      | styxcanada the Spriggan Brigand began the quest for the
                  | Orb.
     0 | D:1      | Reached XP level 1. HP: 10/10 MP: 2/2
    54 | D:1      | Reached skill level 6 in Stealth
   237 | D:1      | Reached XP level 2. HP: 14/14 MP: 3/3
   981 | D:1      | Reached skill level 7 in Stealth
  1178 | D:1      | Reached XP level 3. HP: 16/18 MP: 4/4
  2038 | D:2      | Found a runed translucent door.
  2039 | D:2      | Noticed Crazy Yiuf
  2071 | D:2      | Killed Crazy Yiuf
  2072 | D:2      | Reached skill level 8 in Stealth
  2072 | D:2      | Reached XP level 4. HP: 23/23 MP: 5/5
  2775 | D:3      | Noticed Jessica
  2782 | D:3      | Killed Jessica
  2804 | D:3      | Noticed Robin
  3056 | D:3      | Reached XP level 5. HP: 23/26 MP: 6/6
  3213 | D:3      | Noticed Grinder
  3243 | D:3      | HP: 1/26 [poisoned by an adder]
  3244 | D:3      | Succumbed to an adder's poison

Illustrated notes

Levels and vault maps discovered:
D:1:      dpeg_arrival_ratfight, layout_basic
D:2:      layout_rooms, uniq_crazy_yiuf_cottage
D:3:      layout_loops_ring, uniq_jessica, uniq_robin, uniq_grinder,
          uniq_sigmund

Skill      XL: |  1  2  3 |
---------------+----------+-----
Stealth        | 6 7 8 |  8.5
Dodging        | 2 |  2.4
Fighting       | 2 |  2.1
Short Blades   | |  2.9
Throwing       | |  2.1
Evocations     | |  0.2

Action                   |  1- 3 |  4- 6 || total
-------------------------+-------+-------++-------
Melee: Dagger            |   141 |    41 ||   182
Throw: Dart              |    11 |    11 ||    22
  Use: Scroll            |       |     6 ||     6
 Stab: Sleeping          |    18 |     9 ||    27
Armor: Robe              |    19 |     4 ||    23
Dodge: Dodged            |    74 |    31 ||   105
